[Event "Team 45 45 League T38"]
[Site "Internet Chess Club"]
[Date "2008.08.04"]
[Round "2"]
[White "Campagnolo"]
[Black "Ser-Enigma"]
[Result "0-1"]
[WhiteElo "2014"]
[BlackElo "2094"]
[Opening "Ruy Lopez: 5.O-O"]
[ECO "C78"]
[Time "13:56:16"]
[TimeControl "2700+45"]

1. e4 e5 2. Nf3 Nc6 3. Bb5 a6 4. Ba4 Nf6 5. O-O b5 6. Bb3 Bc5 7. Qe2 O-O 8. c3
d6 9. h3 Be6 10. Rd1 Re8 11. Bc2 Bb6 12. d3 h6 13. Be3 Qe7 14. Nbd2 d5 15. Bxb6
cxb6 16. Nf1 Nh5 17. Qe3 Rab8 18. Ng3 Nxg3 19. fxg3 Qc5 20. Kf2 d4 21. cxd4
Qxc2+ 22. Rd2 exd4 {White resigns} 0-1

[Event "Team 45 45 League T38"]
[Site "Internet Chess Club"]
[Date "2008.08.05"]
[Round "2"]
[White "JoshRom"]
[Black "Holm"]
[Result "0-1"]
[WhiteElo "1993"]
[BlackElo "1893"]
[Opening "Sicilian defense"]
[ECO "B44"]
[Time "14:00:07"]
[TimeControl "2700+45"]

1. e4 c5 2. Nf3 e6 3. d4 cxd4 4. Nxd4 Nc6 5. Nxc6 bxc6 6. Bd3 Qc7 7. O-O Bc5 8.
Qg4 Bd4 9. c3 Be5 10. f4 Nh6 11. Qh3 Bd6 12. f5 Ng8 13. Nd2 Nf6 14. Nc4 Bc5+ 15.
Kh1 exf5 16. Bf4 d6 17. b4 fxe4 18. bxc5 Bxh3 19. Bxd6 Qc8 20. gxh3 exd3 21.
Rfe1+ Kd8 22. Ne5 Qxh3 23. Nxf7+ Kc8 24. Re7 Qf3+ 25. Kg1 Nd5 26. Nxh8 Nxe7 27.
Bxe7 d2 {White resigns} 0-1

[Event "Team 45 45 League T38"]
[Site "Internet Chess Club"]
[Date "2008.07.30"]
[Round "2"]
[White "dnmuscg"]
[Black "mcplayerus"]
[Result "1-0"]
[WhiteElo "1917"]
[BlackElo "1940"]
[Opening "King's Indian: Four pawns attack, dynamic line"]
[ECO "E76"]
[Time "14:00:09"]
[TimeControl "2700+45"]

1. e4 g6 2. d4 Bg7 3. c4 d6 4. Nc3 Nf6 5. f4 O-O 6. Nf3 c5 7. d5 Nbd7 8. Bd3 b5
9. Nxb5 Rb8 10. O-O Qb6 11. a4 a5 12. Bd2 Ne8 13. Qc2 Nc7 14. Bc3 Nf6 15. Qd2
Ra8 16. e5 Nh5 17. h3 Ng3 18. Rfe1 Bf5 19. Bxf5 Nxf5 20. g4 Nxb5 21. axb5 Nd4
22. Nxd4 cxd4 23. Bxd4 Qc7 24. exd6 Bxd4+ 25. Qxd4 exd6 26. b3 Qd8 27. Re3 Qh4
28. Kg2 Rfe8 29. Rxa5 h5 30. g5 Rf8 31. Rxa8 Rxa8 32. Re2 {Black resigns} 1-0

[Event "Team 45 45 League T38"]
[Site "Internet Chess Club"]
[Date "2008.07.31"]
[Round "2"]
[White "charles-allen"]
[Black "Nosferatu1"]
[Result "1/2-1/2"]
[WhiteElo "1817"]
[BlackElo "1847"]
[Opening "Sicilian: accelerated fianchetto, modern variation with Bc4"]
[ECO "B35"]
[Time "18:32:52"]
[TimeControl "2700+45"]

1. e4 c5 2. Nf3 Nc6 3. d4 cxd4 4. Nxd4 g6 5. Be3 Bg7 6. Bc4 Nf6 7. Nc3 Qa5 8.
O-O O-O 9. f3 d6 10. Nd5 Nxd5 11. Bxd5 Qc7 12. c3 a6 13. a4 Bd7 14. b4 Nxd4 15.
Bxd4 Bc6 16. Rc1 Qd7 17. Bxc6 Qxc6 18. Bxg7 Kxg7 19. Qb3 b5 20. a5 Rac8 21. Rf2
Qc4 22. Qb2 Kg8 23. Rd2 Rc6 24. Rd4 Qe6 25. c4 Rfc8 26. c5 dxc5 27. Rxc5 Rxc5
28. bxc5 f6 29. Rd5 Qc6 30. Qd2 e6 31. Rd8+ Rxd8 32. Qxd8+ Kf7 33. Qb6 Qc8 34.
c6 Ke8 35. Kf2 Ke7 36. Qb7+ Kd8 37. Qb6+ Ke7 38. Qb7+ Kd8 39. Qb6+ {Game drawn
by mutual agreement} 1/2-1/2

[Event "Team 45 45 League T38"]
[Site "Internet Chess Club"]
[Date "2008.08.01"]
[Round "2"]
[White "cappelo-upgrate"]
[Black "DFME"]
[Result "1-0"]
[WhiteElo "2228"]
[BlackElo "1640"]
[Opening "King's Indian: 4.e4"]
[ECO "E70"]
[Time "07:03:41"]
[TimeControl "2700+45"]

1. d4 Nf6 2. c4 g6 3. Nc3 Bg7 4. e4 e6 5. e5 Ng8 6. Nf3 Ne7 7. h4 d5 8. h5 Bd7
9. h6 Bf8 10. Bg5 c6 11. Bf6 Rg8 12. Ng5 Qb6 13. Nxh7 Qxb2 14. Qc1 Qxc1+ 15.
Rxc1 Nf5 16. Nxf8 {Black resigns} 1-0

[Event "Team 45 45 League T38"]
[Site "Internet Chess Club"]
[Date "2008.08.02"]
[Round "2"]
[White "Ehab"]
[Black "girl-brain"]
[Result "1-0"]
[WhiteElo "1779"]
[BlackElo "1978"]
[Opening "Caro-Kann defense"]
[ECO "B10"]
[Time "17:00:56"]
[TimeControl "2700+45"]

1. e4 c6 2. Nf3 d5 3. exd5 cxd5 4. d4 Nf6 5. Bd3 Nc6 6. O-O Bg4 7. c3 e6 8. Bg5
Be7 9. Nbd2 Rc8 10. h3 Bh5 11. Qe1 O-O 12. Bxf6 Bxf6 13. Nh2 Bg6 14. Bxg6 hxg6
15. Ng4 b5 16. a3 a5 17. Nf3 b4 18. axb4 axb4 19. Nfe5 bxc3 20. bxc3 Nxe5 21.
Nxe5 Qc7 22. Rc1 Rfd8 23. f4 Rd6 24. Rf3 Ra6 25. h4 Ra2 26. g4 Rb8 27. Nd3 Qc4
28. g5 Be7 29. h5 Ba3 30. hxg6 Bxc1 31. gxf7+ Kf8 32. Qh4 Ra1 33. Qh8+ Ke7 34.
Qxb8 Bxf4+ 35. Kg2 Ra2+ 36. Nf2 Bxb8 37. f8=Q+ Kd7 38. Rf7+ Kc6 39. Qc8+ Kb5 40.
Qxb8+ Ka4 41. Ra7+ {Black resigns} 1-0

[Event "Team 45 45 League T38"]
[Site "Internet Chess Club"]
[Date "2008.08.01"]
[Round "2"]
[White "proudchess"]
[Black "Kingofknights"]
[Result "1-0"]
[WhiteElo "1972"]
[BlackElo "1764"]
[Opening "Caro-Kann: Steinitz variation"]
[ECO "B17"]
[Time "19:00:12"]
[TimeControl "2700+45"]

1. e4 c6 2. d4 d5 3. Nc3 dxe4 4. Nxe4 Nd7 5. Nf3 Ngf6 6. Nxf6+ Nxf6 7. Ne5 Be6
8. c4 Nd7 9. Bf4 Nxe5 10. dxe5 Qa5+ 11. Qd2 Qxd2+ 12. Bxd2 O-O-O 13. Be2 g6 14.
O-O-O Bg7 15. Bf4 f6 16. exf6 exf6 17. Rhe1 Rhe8 18. Be3 b6 19. Bf3 Kb7 20. Rxd8
Rxd8 21. Bxb6 Bxc4 22. Bxd8 {Black resigns} 1-0

[Event "Team 45 45 League T38"]
[Site "Internet Chess Club"]
[Date "2008.08.06"]
[Round "2"]
[White "alo"]
[Black "Ernie1"]
[Result "1-0"]
[WhiteElo "1856"]
[BlackElo "1602"]
[Opening "Réti opening"]
[ECO "A04"]
[Time "18:10:13"]
[TimeControl "2700+45"]

1. Nf3 c6 2. g3 d5 3. Bg2 Nf6 4. d3 Bg4 5. Nbd2 Bxf3 6. Bxf3 Nbd7 7. e4 Ne5 8.
Bg2 Qb6 9. O-O h5 10. Nb3 Neg4 11. h3 Ne5 12. Be3 Qd8 13. f4 Ned7 14. e5 Ng8 15.
d4 e6 16. f5 exf5 17. Rxf5 Nh6 18. Bxh6 Rxh6 19. Rxh5 g6 20. Rxh6 Bxh6 21. Qf3
Qb6 22. Re1 Qb4 23. c3 Qe7 24. h4 O-O-O 25. Bh3 Kb8 26. Qe2 Nf8 27. a4 Ne6 28.
a5 a6 29. Bxe6 fxe6 30. Nc5 Rf8 31. Qg4 Qf7 32. Qe2 Kc8 33. Rf1 Qxf1+ 34. Qxf1
Rxf1+ 35. Kxf1 Bc1 36. Ke2 Bxb2 37. Kd3 Ba3 38. Nxe6 Be7 39. Nf4 g5 40. Ng6 gxh4
41. Nxe7+ Kd7 42. gxh4 Kxe7 43. h5 Kf7 44. h6 Kg6 45. e6 {Black resigns} 1-0

[Event "Team 45 45 League T38"]
[Site "Internet Chess Club"]
[Date "2008.08.02"]
[Round "2"]
[White "AlPearson"]
[Black "Invicta-Knight"]
[Result "1/2-1/2"]
[WhiteElo "1447"]
[BlackElo "1497"]
[Opening "English: symmetrical variation"]
[ECO "A38"]
[Time "09:11:57"]
[TimeControl "2700+45"]

1. c4 c5 2. Nf3 Nf6 3. g3 g6 4. Bg2 Bg7 5. Nc3 Nc6 6. O-O O-O 7. Rb1 d6 8. a3
Bg4 9. h3 Bxf3 10. Bxf3 Rb8 11. d3 Nd4 12. Bg2 b5 13. e3 Ne6 14. Nxb5 a6 15. Nc3
Nd7 16. Qc2 Nb6 17. Bd2 Qd7 18. Nd5 Nxd5 19. Bxd5 Rfc8 20. b4 h5 21. b5 axb5 22.
Rxb5 Rxb5 23. cxb5 Qxb5 24. Rb1 Qd7 25. Rb7 Rc7 26. Qb3 Rxb7 27. Qxb7 Qxb7 28.
Bxb7 Nc7 29. Kf1 Kf8 30. Ke2 Ke8 31. Kd1 Kd7 32. Kc2 Nb5 33. a4 Na7 34. Kb3 Kc7
35. Bg2 Kb6 36. Kc4 e6 37. Bf1 Nc6 38. f4 Na5+ 39. Bxa5+ Kxa5 40. Be2 Kxa4 41.
Bd1+ Ka5 42. Bb3 Kb6 43. Ba4 e5 44. Be8 exf4 45. gxf4 Bf6 46. Bxf7 g5 47. Bxh5
gxf4 48. exf4 Kc7 49. Kd5 Kd7 50. Bg6 Bd4 51. h4 Bf6 52. h5 Bd4 53. f5 Bf6 54.
h6 Bd4 55. h7 Bf6 {Game drawn by mutual agreement} 1/2-1/2

[Event "Team 45 45 League T38"]
[Site "Internet Chess Club"]
[Date "2008.08.02"]
[Round "2"]
[White "houseofcook"]
[Black "Zyme"]
[Result "0-1"]
[WhiteElo "1468"]
[BlackElo "1356"]
[Opening "French: advance, Euwe variation"]
[ECO "C02"]
[Time "08:00:24"]
[TimeControl "2700+45"]

1. e4 e6 2. d4 d5 3. e5 c5 4. c3 Nc6 5. Nf3 Bd7 6. Bd3 Qb6 7. O-O cxd4 8. Bc2
dxc3 9. Nxc3 Nh6 10. Na4 Qc7 11. Bf4 Rc8 12. a3 Na5 13. Nc3 Be7 14. Bd3 Nc4 15.
Bxc4 Qxc4 16. Bxh6 gxh6 17. Qd2 h5 18. Rac1 Rg8 19. h3 Qb3 20. Rb1 Bc6 21. Qh6
Rg6 22. Qxh7 d4 23. Qh8+ Kd7 24. Qxh5 dxc3 25. bxc3 Qxc3 26. Rfd1+ Kc7 27. Rdc1
Qxa3 28. Ra1 Qb2 29. Rab1 Qe2 30. Rb3 Kb8 31. Qh7 Bxf3 32. Rxc8+ Kxc8 33. Rc3+
Kd7 34. g3 Rxg3+ 35. fxg3 Qg2# {White checkmated} 0-1

[Event "Team 45 45 League T38"]
[Site "Internet Chess Club"]
[Date "2008.08.02"]
[Round "2"]
[White "SCUGrad"]
[Black "rkaebi"]
[Result "1-0"]
[WhiteElo "1440"]
[BlackElo "1418"]
[Opening "Caro-Kann: Panov-Botvinnik attack, 5...e6"]
[ECO "B14"]
[Time "06:00:09"]
[TimeControl "2700+45"]

1. e4 c6 2. d4 d5 3. exd5 cxd5 4. c4 Nf6 5. Nc3 e6 6. Nf3 Bb4 7. cxd5 Nxd5 8.
Qc2 Nd7 9. a3 Ba5 10. Bd3 g6 11. Bh6 N7f6 12. h3 Qc7 13. Rc1 Nf4 14. Bb5+ Bd7
15. Bxd7+ Nxd7 16. O-O Bxc3 17. bxc3 Rc8 18. Rfe1 b5 19. Ne5 Nxe5 20. Rxe5 Nd5
21. Bd2 Ke7 22. Rce1 a6 23. Rxd5 Qc4 24. Ree5 Rc6 25. Rc5 Rxc5 26. Rxc5 Qa4 27.
Qxa4 bxa4 28. Ra5 Rb8 29. Kh2 f6 30. Rxa4 g5 31. Rb4 Rc8 32. c4 h6 33. c5 Kd7
34. Rb6 Rc6 35. a4 e5 36. Bc3 exd4 37. Bxd4 a5 38. Rxc6 Kxc6 39. Bxf6 Kxc5 40.
g4 Kb4 41. Kg3 Kxa4 42. h4 Kb3 43. hxg5 hxg5 44. Bxg5 a4 45. Bf6 a3 46. g5 a2
47. g6 Kc2 48. g7 Kb1 49. g8=Q a1=Q 50. Bxa1 Kxa1 51. Qb8 Ka2 52. Kf3 Ka3 53.
Ke3 Ka4 54. Kd4 Ka5 55. Kc5 Ka4 56. Qb4# {Black checkmated} 1-0

[Event "Team 45 45 League T38"]
[Site "Internet Chess Club"]
[Date "2008.08.02"]
[Round "2"]
[White "littleboo"]
[Black "Mudfrog"]
[Result "1-0"]
[WhiteElo "1486"]
[BlackElo "1447"]
[Opening "French: Steinitz, Boleslavsky variation"]
[ECO "C11"]
[Time "22:00:17"]
[TimeControl "2700+45"]

1. e4 e6 2. Nc3 d5 3. d4 Nf6 4. e5 Nfd7 5. f4 c5 6. Nf3 Nc6 7. Be3 cxd4 8. Nxd4
Bc5 9. Qd2 Bxd4 10. Bxd4 Nxd4 11. Qxd4 Qb6 12. Qxb6 Nxb6 13. Bd3 Bd7 14. Nb5 O-O
15. Nd6 Bc6 16. b4 a6 17. O-O Nc4 18. Nxc4 dxc4 19. Bxc4 Ba4 20. Bb3 Bxb3 21.
cxb3 b5 22. Kf2 Rfd8 23. Rfd1 h6 24. Ke3 Kf8 25. Rac1 Rxd1 26. Rxd1 Ke7 27. Rc1
Kd7 28. Rc5 Ra7 29. g4 Rc7 30. h4 Rxc5 31. bxc5 a5 32. a3 b4 33. axb4 axb4 34.
Kd4 Kc6 35. Kc4 f6 36. h5 fxe5 37. fxe5 Kd7 38. Kxb4 Kc6 39. Kc4 Kc7 40. b4 Kc6
41. b5+ Kc7 42. c6 Kb6 43. Kd4 Kc7 44. Kc5 Kc8 45. Kd6 {Black resigns} 1-0

[Event "Team 45 45 League T38"]
[Site "Internet Chess Club"]
[Date "2008.08.02"]
[Round "2"]
[White "Bootsie"]
[Black "fuzzface"]
[Result "1/2-1/2"]
[WhiteElo "1234"]
[BlackElo "1306"]
[Opening "Sicilian defense"]
[ECO "B32"]
[Time "12:54:54"]
[TimeControl "2700+45"]

1. e4 c5 2. Nf3 Nc6 3. d4 b6 4. Nc3 e6 5. Bd3 cxd4 6. Ne2 e5 7. c3 Qc7 8. cxd4
Bb4+ 9. Bd2 Bxd2+ 10. Qxd2 d6 11. Rc1 exd4 12. Nexd4 Nge7 13. Bb5 Bd7 14. O-O
O-O 15. Nxc6 Nxc6 16. Qc3 Qb7 17. Bxc6 Bxc6 18. Qxc6 Qa6 19. Qxd6 Qxa2 20. b4
Rfd8 21. Qg3 h6 22. Rfd1 Qa3 23. Rxd8+ Rxd8 24. Re1 Qxb4 25. e5 Rd3 26. Qh4 Qc3
27. Qe4 Rd8 28. h3 Re8 29. Qb7 Qa5 30. Qd7 Rf8 31. Qd2 Qc5 32. Qd6 Qc4 33. e6
Re8 34. exf7+ Qxf7 35. Ne5 Qe6 36. Qxe6+ Rxe6 37. f4 g6 38. g4 b5 39. Rc1 g5 40.
Rc6 Rxc6 41. Nxc6 a6 42. fxg5 hxg5 43. Kf2 Kf7 44. Ke3 Ke6 45. Kd4 Kd6 46. Ne5
a5 47. Nd3 a4 48. Kc3 Kd5 49. Kb4 Ke4 50. Nc5+ Kf3 51. Ne6 Kg3 52. h4 Kxh4 53.
Nd4 Kxg4 54. Nxb5 Kf4 55. Kxa4 g4 56. Nc3 g3 57. Ne2+ Kf3 58. Nxg3 {Game drawn
because neither player has mating material} 1/2-1/2

[Event "Team 45 45 League T38"]
[Site "Internet Chess Club"]
[Date "2008.08.03"]
[Round "2"]
[White "Fogbound"]
[Black "kingsrook"]
[Result "1-0"]
[WhiteElo "1320"]
[BlackElo "1214"]
[Opening "Queen's pawn, Mason variation"]
[ECO "D00"]
[Time "14:00:08"]
[TimeControl "2700+45"]

1. d4 d5 2. Bf4 c6 3. e3 Nf6 4. Bd3 e6 5. Nf3 Bd6 6. Bg5 Nbd7 7. Nbd2 O-O 8. e4
e5 9. O-O Re8 10. c3 Qc7 11. Re1 b6 12. Nh4 h6 13. Bxh6 gxh6 14. Nf5 Kh7 15. Qf3
Rg8 16. exd5 e4 17. Nxe4 Bxh2+ 18. Kf1 Qf4 19. Nxf6+ Nxf6 20. Ng3+ Ne4 21. Qxf4
Bxg3 22. Qxe4+ Rg6 23. fxg3 cxd5 24. Qe7 Be6 25. Rxe6 Rg8 26. Qxf7+ Kh8 27. Rxg6
Rxg6 28. Qxg6 a6 29. Qh7# {Black checkmated} 1-0

[Event "Team 45 45 League T38"]
[Site "Internet Chess Club"]
[Date "2008.08.03"]
[Round "2"]
[White "WannaB"]
[Black "NewfieKnight"]
[Result "1-0"]
[WhiteElo "1055"]
[BlackElo "1268"]
[Opening "Four knights: Italian variation"]
[ECO "C55"]
[Time "13:00:16"]
[TimeControl "2700+45"]

1. e4 e5 2. Nf3 Nc6 3. Bc4 Nf6 4. Nc3 Bb4 5. O-O Bxc3 6. dxc3 Nxe4 7. Bxf7+ Kxf7
8. Qd5+ Ke8 9. Qxe4 d5 10. Qe1 e4 11. Nd4 Nxd4 12. cxd4 Rf8 13. b3 b6 14. a4 Kf7
15. Bb2 Ba6 16. c4 dxc4 17. Qxe4 c3 18. Bxc3 Bxf1 19. Rxf1 Kg8 20. d5 Qg5 21. g3
Rae8 22. Qd4 Rf7 23. Bd2 Qe5 24. Qxe5 Rxe5 25. d6 cxd6 26. Bf4 Rd5 27. b4 a5 28.
b5 Rd4 29. Be3 Rxa4 30. Bxb6 Rb4 31. Rd1 Rxb5 32. Rxd6 Rb1+ 33. Kg2 a4 34. Bc5
h6 35. Ra6 Rf5 36. Bd4 Rb4 37. Ra8+ Kh7 38. Bc3 Rb3 39. Bd4 a3 40. Ra7 Rg5 41.
h4 Rg4 42. Be5 Rb8 43. Bxb8 {Black resigns} 1-0

[Event "Team 45 45 League T38"]
[Site "Internet Chess Club"]
[Date "2008.08.06"]
[Round "2"]
[White "knight2f3"]
[Black "Ghashgork"]
[Result "0-1"]
[WhiteElo "1443"]
[BlackElo "1681"]
[Opening "Dutch: classical variation"]
[ECO "A96"]
[Time "14:10:05"]
[TimeControl "2700+45"]

1. d4 f5 2. g3 e6 3. Bg2 Nf6 4. Nf3 Be7 5. O-O O-O 6. c4 d6 7. Nc3 c6 8. b4 d5
9. cxd5 Bxb4 10. Qb3 Bxc3 11. Qxc3 exd5 12. Ne5 Nbd7 13. Bf4 Nxe5 14. Bxe5 Ng4
15. Bf4 Re8 16. f3 Nf6 17. Rfe1 Nd7 18. Qd3 Nb6 19. e4 fxe4 20. fxe4 Bg4 21. a4
Qd7 22. a5 Nc4 23. exd5 cxd5 24. Qb3 b6 25. axb6 axb6 26. Rxe8+ Rxe8 27. Qb4 Bh3
28. Bf3 Qe6 29. Qb5 Rd8 30. Bg5 Rd7 31. Qb4 h6 32. Ra8+ Kh7 33. Qb1+ Bf5 34. Qf1
hxg5 35. Qg2 Qe3+ 36. Kh1 Qe1+ 37. Qg1 Qxg1+ 38. Kxg1 g4 39. Bd1 Re7 40. Bb3 Re3
41. Ba2 Ra3 42. Rxa3 Nxa3 43. Bxd5 Nb5 44. Kf2 Nxd4 45. Ke3 Nf3 46. Bxf3 gxf3
47. Kxf3 b5 48. Ke3 b4 49. Kd2 b3 50. Kc3 Be6 51. h3 Kg6 52. h4 Kf5 53. Kd3 Kg4
54. h5 {White resigns} 0-1

[Event "Team 45 45 League T38"]
[Site "Internet Chess Club"]
[Date "2008.07.31"]
[Round "2"]
[White "Mutaant"]
[Black "NXS"]
[Result "0-1"]
[WhiteElo "1410"]
[BlackElo "1428"]
[Opening "French defense"]
[ECO "C00"]
[Time "20:01:08"]
[TimeControl "2700+45"]

1. e4 e6 2. Bc4 d5 3. exd5 exd5 4. Bb3 Nf6 5. Nc3 c6 6. Nf3 Bd6 7. h3 O-O 8. O-O
h6 9. d3 Be6 10. Nd4 Bd7 11. Qf3 Qc7 12. Bxh6 Be5 13. Be3 Qd6 14. Nce2 c5 15.
Nf5 Bxf5 16. Qxf5 Bxb2 17. Bf4 Qe6 18. Qxe6 fxe6 19. Rab1 Ba3 20. Nc3 a6 21. Na4
Nbd7 22. Nc3 b5 23. Bd6 Rfe8 24. Ne2 Bb4 25. c3 Ba5 26. Bg3 Nb6 27. Rbc1 c4 28.
Bc2 cxd3 29. Bxd3 Nc4 30. Nd4 Rac8 31. Rfe1 e5 32. Nf5 Rc6 33. Bxc4 bxc4 34.
Rxe5 Rce6 35. Rxe6 Rxe6 36. Ne3 Bb6 37. Nc2 Re2 38. Kf1 Rd2 39. Ke1 Ne4 40. Ne3
Rxa2 41. Bh4 Nxc3 42. Be7 Ba5 43. Kf1 d4 44. Nxc4 Ne4 45. Nxa5 Rxa5 46. f3 Nd2+
47. Ke1 Nb3 48. Rc2 Re5+ 49. Kf2 Rxe7 50. Ra2 Re6 51. Ra3 Nc5 52. Ra5 Nd3+ 53.
Kg3 Ne1 54. Rd5 d3 55. Kf2 Re2+ 56. Kf1 Kf7 57. h4 Ke6 58. Ra5 Nxg2 59. Rxa6+
Kf5 60. Ra4 Nf4 61. Ra5+ Kg6 62. Ra4 d2 63. Ra1 Rh2 64. Rd1 Rh1+ {White resigns}
0-1

[Event "Team 45 45 League T38"]
[Site "Internet Chess Club"]
[Date "2008.08.04"]
[Round "2"]
[White "gaboonzoom"]
[Black "seldredg"]
[Result "1-0"]
[WhiteElo "1405"]
[BlackElo "1317"]
[Opening "Scandinavian: Pytel-Wade variation"]
[ECO "B01"]
[Time "18:01:23"]
[TimeControl "2700+45"]

1. e4 d5 2. exd5 Qxd5 3. Nc3 Qd6 4. Nf3 Nf6 5. d4 a6 6. Be2 Bf5 7. Bg5 h6 8. Bh4
Nbd7 9. Qd2 Nd5 10. Nxd5 Qxd5 11. c4 Qe4 12. O-O g5 13. Bg3 Rc8 14. Qe3 Bg7 15.
Qxe4 Bxe4 16. Rad1 c5 17. Ne5 cxd4 18. Nxd7 Kxd7 19. Rfe1 f5 20. b3 h5 21. f3 f4
22. Bf2 Bf5 23. Bxd4 Bxd4+ 24. Rxd4+ Kc7 25. Bd3 Bxd3 26. Rxe7+ Kc6 27. Rxd3
Rhe8 28. Rxe8 Rxe8 29. Rd5 b5 30. Rxg5 a5 31. Rxb5 h4 32. Rxa5 h3 33. g3 Re1+
34. Kf2 Rh1 35. gxf4 Rxh2+ 36. Kg3 Rh1 37. Rh5 {Black resigns} 1-0

[Event "Team 45 45 League T38"]
[Site "Internet Chess Club"]
[Date "2008.08.01"]
[Round "2"]
[White "moreffee"]
[Black "chips"]
[Result "1-0"]
[WhiteElo "1239"]
[BlackElo "1093"]
[Opening "Scandinavian (center counter) defense"]
[ECO "B01"]
[Time "17:00:51"]
[TimeControl "2700+45"]

1. e4 d5 2. exd5 Qxd5 3. Nc3 Qe5+ 4. Be2 e6 5. Nf3 Qf6 6. O-O Bb4 7. Ne4 Qd8 8.
c3 Be7 9. d4 Nd7 10. Bf4 Ngf6 11. Nxf6+ Nxf6 12. Ne5 O-O 13. Qd2 Ne4 14. Qc2 Nf6
15. Rad1 c6 16. Rd3 Qd5 17. b3 Qe4 18. Bg3 Qg6 19. Nxg6 {Black resigns} 1-0

[Event "Team 45 45 League T38"]
[Site "Internet Chess Club"]
[Date "2008.08.03"]
[Round "2"]
[White "Rubacchus"]
[Black "cazj"]
[Result "0-1"]
[WhiteElo "1342"]
[BlackElo "1392"]
[Opening "King's gambit"]
[ECO "C30"]
[Time "20:04:55"]
[TimeControl "2700+45"]

1. e4 e5 2. f4 f6 3. Bc4 Bc5 4. fxe5 Qe7 5. Nf3 fxe5 6. d3 d6 7. Bg5 Nf6 8. Nc3
Be6 9. Nd5 Bxd5 10. Bxd5 c6 11. Bb3 Nbd7 12. Qd2 Qf8 13. O-O-O Nb6 14. Rde1
O-O-O 15. Rhf1 Qe8 16. d4 exd4 17. e5 dxe5 18. Nxe5 Rf8 19. Rf4 Nbd5 20. Bxd5
Rxd5 21. Bxf6 Bd6 22. Bxg7 Rg8 23. Rg4 Bxe5 24. Bxe5 Rxg4 25. Bxd4 Re4 26. Rxe4
Qxe4 27. c3 c5 28. Qf2 cxd4 29. Qf8+ Rd8 30. Qc5+ Qc6 31. Qxa7 dxc3 32. b3 Qh6+
33. Kc2 Qd2+ 34. Kb1 Qb2# {White checkmated} 0-1

[Event "Team 45 45 League T38"]
[Site "Internet Chess Club"]
[Date "2008.07.31"]
[Round "2"]
[White "andrew0311"]
[Black "conron"]
[Result "1-0"]
[WhiteElo "1243"]
[BlackElo "1355"]
[Opening "Four knights: Italian variation"]
[ECO "C55"]
[Time "19:30:13"]
[TimeControl "2700+45"]

1. e4 e5 2. Nf3 Nc6 3. Bc4 Nf6 4. Nc3 Bb4 5. a3 Ba5 6. b4 Bb6 7. d3 O-O 8. Bg5
h6 9. Bh4 d6 10. Nd5 Bg4 11. Nxf6+ gxf6 12. h3 Bh5 13. Qd2 Qe7 14. Qxh6 Bxf3 15.
Bxf6 Qxf6 16. Qxf6 Bh5 17. Qg5+ Bg6 18. Qxg6+ Kh8 19. Qf6+ Kg8 20. O-O Rad8 21.
h4 Bd4 22. h5 Bxa1 23. h6 Kh7 24. Qg7# {Black checkmated} 1-0

[Event "Team 45 45 League T38"]
[Site "Internet Chess Club"]
[Date "2008.08.02"]
[Round "2"]
[White "AtomicDog"]
[Black "mumu"]
[Result "1-0"]
[WhiteElo "1369"]
[BlackElo "1206"]
[Opening "Sicilian: accelerated fianchetto, modern variation"]
[ECO "B34"]
[Time "09:52:50"]
[TimeControl "2700+45"]

1. e4 c5 2. Nf3 g6 3. d4 cxd4 4. Nxd4 Nc6 5. Nc3 Bg7 6. Be3 Nf6 7. f3 O-O 8. Qd2
Qb6 9. Nxc6 Qxc6 10. Bb5 Qc7 11. O-O-O d6 12. Nd5 Nxd5 13. Qxd5 Be6 14. Qd3 a5
15. Bd4 f6 16. h4 a4 17. a3 Rfc8 18. h5 Bh6+ 19. Kb1 g5 20. Bc3 Bc4 21. Bxc4+
Qxc4 22. Qe3 Qb5 23. Rd5 Qd7 24. Rhd1 Ra6 25. e5 Rac6 26. exf6 Re8 27. Rxg5+
Bxg5 28. Qxg5+ Kf8 29. Qg7# {Black checkmated} 1-0

[Event "Team 45 45 League T38"]
[Site "Internet Chess Club"]
[Date "2008.07.31"]
[Round "2"]
[White "cazc"]
[Black "Kingangyal"]
[Result "1-0"]
[WhiteElo "1257"]
[BlackElo "1188"]
[Opening "Pirc: classical (two knights) system"]
[ECO "B08"]
[Time "14:31:59"]
[TimeControl "2700+45"]

1. e4 d6 2. d4 Nf6 3. Nc3 g6 4. Nf3 Bg7 5. Bc4 O-O 6. O-O Nxe4 7. Nxe4 d5 8. Bb3
dxe4 9. Ne5 Qe8 10. Re1 Bf5 11. Bd5 c6 12. Bxe4 Bxe4 13. Rxe4 Nd7 14. Nxd7 Qxd7
15. Bg5 Qf5 16. Rxe7 Qxg5 17. Rxb7 Rfd8 18. Qf3 Qf6 19. Rd1 Qe6 20. Qe3 Qxa2 21.
Qe7 Rxd4 22. Re1 Rdd8 23. h4 a5 24. b3 Qb2 25. Qxf7+ Kh8 26. h5 Rf8 27. Qe7 gxh5
28. Re3 Qf6 29. Qd7 Rad8 30. Qc7 Qxf2+ 31. Kh2 Qf4+ 32. Qxf4 Rxf4 33. Ree7 Rg4
34. Ra7 Rg5 35. Rac7 c5 36. Ra7 Be5+ 37. Kh3 Kg8 38. Rxa5 Rg3+ 39. Kh4 Bf6+ 40.
Kxg3 Bxe7 41. Ra7 Kf7 42. Rb7 Rd2 43. c4 Rd4 44. Kf3 h4 45. Ke3 h5 46. b4 Rg4
47. bxc5 Rxg2 48. c6 h3 49. c7 h2 50. c8=Q h1=Q 51. Qf5+ Ke8 52. Qd7+ Kf7 53.
Qxe7+ Kg6 54. Qe4+ Kg5 55. Rg7+ Kf6 56. Rxg2 Qe1+ 57. Kd4 Qa1+ 58. Kc5 Qa5+ 59.
Kd4 Qd2+ 60. Rxd2 {Black resigns} 1-0

[Event "Team 45 45 League T38"]
[Site "Internet Chess Club"]
[Date "2008.08.03"]
[Round "2"]
[White "moreffee"]
[Black "DaMelch"]
[Result "1-0"]
[WhiteElo "1257"]
[BlackElo "1274"]
[Opening "Tennison (Lemberg, Zukertort) gambit"]
[ECO "A06"]
[Time "15:00:41"]
[TimeControl "2700+45"]

1. Nf3 d5 2. e4 e6 3. exd5 exd5 4. d4 Nf6 5. Be2 Bd6 6. O-O O-O 7. Bg5 Nc6 8.
Nc3 Be6 9. h3 h6 10. Bh4 a6 11. Qd2 b5 12. a3 Na5 13. Nxd5 Nc4 14. Nxf6+ gxf6
15. Qxh6 Be7 16. Bxc4 Bxc4 17. Rfe1 {Black resigns} 1-0

[Event "Team 45 45 League T38"]
[Site "Internet Chess Club"]
[Date "2008.08.05"]
[Round "2"]
[White "jeffk"]
[Black "farbror"]
[Result "1-0"]
[WhiteElo "1240"]
[BlackElo "1146"]
[Opening "Owen defense"]
[ECO "B00"]
[Time "17:20:43"]
[TimeControl "2700+45"]

1. e4 b6 2. d4 Bb7 3. Nc3 g6 4. Bc4 e6 5. Nf3 Bg7 6. O-O Ne7 7. Bg5 h6 8. Bxe7
Qxe7 9. e5 O-O 10. Re1 d6 11. d5 dxe5 12. Nxe5 Bxe5 13. Rxe5 Nd7 14. Re2 Rad8
15. dxe6 fxe6 16. Bxe6+ Kg7 17. Qd4+ Nf6 18. Bd5 Qd6 19. Rd1 c5 20. Qe5 Qxe5 21.
Rxe5 Bxd5 22. Nxd5 Ng4 23. Re7+ Rf7 24. Rxf7+ Kxf7 25. f3 Nf6 26. c4 b5 27. b3
Ke6 28. Nf4+ Ke7 29. Rxd8 Kxd8 30. Ne6+ Kd7 31. Nxc5+ Kc6 32. Ne4 Nxe4 33. fxe4
bxc4 34. bxc4 Kd6 35. Kf2 g5 36. Ke3 h5 37. Kd4 h4 38. g3 hxg3 39. hxg3 a5 40.
e5+ Ke6 41. c5 Kd7 42. Kd5 a4 43. e6+ Ke7 44. c6 Kd8 45. Ke5 g4 46. Kf6 a3 47.
Kf7 Kc7 48. e7 Kxc6 49. e8=Q+ Kc5 50. Qe7+ Kc4 51. Qxa3 Kd4 52. Qa4+ Ke5 53.
Qxg4 {Black resigns} 1-0